 Dungeon Crawl Stone Soup version 0.29-a0-40-g8eb35efe60 (webtiles) character file.

Game seed: 4145231180233631359

88 Hubjo the Grasshopper (level 4, -8/26 HPs)
             Began as a Vampire Warper on Feb 1, 2022.
             Was a Follower of Nemelex Xobeh.
             Killed by an exploding orc (28 damage)
             ... ignited by their inner flame
             ... on level 3 of the Dungeon.
             The game lasted 00:08:07 (1442 turns).

Hubjo the Grasshopper (Vampire Warper)              Turns: 1442, Time: 00:08:07

Health: -8/26      AC:  8    Str: 10    XL:     4   Next: 30%
Magic:  6/7        EV: 12    Int: 17    God:    Nemelex Xobeh [*.....]
Gold:   76         SH:  0    Dex: 13    Spells: 5/7 levels left

rFire   . . .      SeeInvis +   a - +0 short sword
rCold   + + .      Faith    .   (no shield)
rNeg    + + +      Spirit   .   b - +0 leather armour
rPois   ∞          Reflect  .   l - +2 helmet
rElec   .          Harm     .   (no cloak)
rCorr   .          Rampage  .   (no gloves)
Will    .....                   j - +1 pair of boots
Stlth   ++++......              (no amulet)
HPRegen 0.00/turn               e - +4 ring of slaying
MPRegen 0.10/turn               (no ring)

@: bloodless, inhibited regen
A: bloodless, fangs 3, see invisible, vampiric 2
a: Bat Form, Revivify, Renounce Religion, Draw Escape, Draw Destruction, Draw
Summoning


You were on level 3 of the Dungeon.
You worshipped Nemelex Xobeh.
Nemelex Xobeh was aware of your devotion.
You visited 1 branch of the dungeon, and saw 3 of its levels.

You collected 76 gold pieces.

Inventory:

Hand Weapons
 a - a +0 short sword (weapon)
Missiles
 d - 5 boomerangs of dispersal (quivered)
 n - 2 boomerangs
Armour
 b - a +0 leather armour (worn)
 j - a +1 pair of boots (worn)
 l - a +2 helmet (worn)
Jewellery
 e - a +4 ring of slaying (left hand)
Scrolls
 c - a scroll of blinking
 g - 2 scrolls of immolation
 h - 2 scrolls of teleportation
Potions
 f - a potion of mutation {unknown}
 i - 2 potions of cancellation {unknown}
 k - 3 potions of attraction
 o - a potion of heal wounds {unknown}


   Skills:
 + Level 2.2 Fighting
 + Level 2.9 Short Blades
 + Level 0.7 Throwing
 + Level 1.1 Armour
 + Level 2.4 Dodging
 + Level 2.2 Stealth
 + Level 2.1 Spellcasting
 + Level 3.1 Translocations


You had 5 spell levels left.
You knew the following spells:

 Your Spells              Type           Power      Damage    Failure   Level
a - Blink                 Tloc           24%        N/A       11%         2

Your spell library contained the following spells:

 Spells                   Type           Power      Damage    Failure   Level
 Gell's Gravitas          Tloc           12%        N/A       22%         3
 Lesser Beckoning         Tloc           12%        N/A       22%         3
 Teleport Other           Tloc           12%        N/A       22%         3
 Manifold Assault         Tloc           12%        N/A       89%         5


Dungeon Overview and Level Annotations

Branches:
Dungeon (3/15)

Altars:
Fedhas
Nemelex Xobeh


Innate Abilities, Weirdness & Mutations

You do not regenerate when monsters are visible.
You are frail without blood (-20% HP).
You can heal yourself when you bite living creatures.
You are immune to poison.
You have razor-sharp teeth.
You have supernaturally acute eyesight. (SInv)
You are afflicted with vampirism and can become a bat while bloodless.


Message History

A kobold comes into view. It is wielding a +0 club.
Nemelex Xobeh deals you some cards!
You now have 1 escape card, 4 destruction cards and 1 summoning card.
You hit the kobold.
The kobold is heavily wounded.
The kobold hits you but does no damage.
You hit the kobold.
You kill the kobold!
You closely miss the kobold. The kobold barely misses you.
You hit the kobold.
You kill the kobold!
You closely miss the orc. The orc closely misses you.
You closely miss the orc. The orc closely misses you.
You hit the orc.
The orc is moderately wounded.
The orc hits you with a +0 dagger. The orc hits you but does no damage.
You closely miss the orc.
The orc is moderately wounded.
The orc hits you but does no damage.
Casting: Blink (safe; 11% risk of failure)
Confirm with . or Enter, or press ? or * to list all spells.
You blink.
Found 3 scrolls labelled REWOTOMAES.
As you read the scroll labelled JOHUNI YCZEINT, it crumbles to dust.
You feel aware of your surroundings.
It was a scroll of magic mapping.
You feel stable enough to blink again. The orc barely misses you.
You see here 3 scrolls labelled REWOTOMAES.
g - 3 scrolls labelled REWOTOMAES The orc hits you with a +0 short sword.
As you read the scroll labelled REWOTOMAES, it crumbles to dust.
The creatures around you are filled with an inner flame!
It was a scroll of immolation.
The orc hits you with a +0 flail.
It was a potion of curing.
You feel better. The orc hits you with a +0 flail. The orc barely misses you.
The orc hits you but does no damage.
You hit the orc.
The orc explodes!
The fiery explosion engulfs you!!
Ouch! That really hurt!
You die...
Your body disappears without a glow.

#########******######
#########.......#*,,...#.....
#......##.......#............
#......##.§oo................
#.........§§@#**,,,,.........
****#......#..§### *,,,,.........
,,,,##.#......##****,,,,.........
,,,,#.............,,,,,,.........
,,............####**,,,,.........
,,.......###...### **,,,.........
,,..##.....#.....## **,,.........
,,.,*#........)...# ***#...(....
,,,,*...#,,#...§..## #.........


You could see 2 orcs.

Vanquished Creatures
  5 adders
  An orc (D:3)
  7 ball pythons
  3 endoplasms
  2 giant cockroaches
  2 goblins
  4 hobgoblins
  2 jackals (D:1)
  3 quokkas
  3 bats
  A frilled lizard (D:3)
  7 kobolds
  4 rats
44 creatures vanquished.

Notes
Turn   | Place    | Note
-------+----------+-------------------------------------------
     0 | D:1      | Hubjo the Vampire Warper began the quest for the Orb.
     0 | D:1      | Reached XP level 1. HP: 16/16 MP: 3/3
   111 | D:1      | Reached XP level 2. HP: 22/22 MP: 5/5
   114 | D:1      | Found a faded altar of an unknown god.
   127 | D:1      | Prayed at the altar of an unknown god.
   127 | D:1      | Became a worshipper of Fedhas Madash
   127 | D:1      | Reached * piety under Fedhas
   516 | D:1      | Learned a level 2 spell: Blink
   584 | D:2      | Found a sparkling altar of Nemelex Xobeh.
   590 | D:2      | Fell from the grace of Fedhas
   590 | D:2      | Became a worshipper of Nemelex Xobeh the Trickster
   605 | D:2      | Reached skill level 3 in Translocations
   638 | D:2      | Gained mutation: You are afflicted with vampirism and can
                  | become a bat while bloodless. [Vampire growth]
   638 | D:2      | Reached XP level 3. HP: 18/27 MP: 6/6
   833 | D:2      | Reached skill level 1 in Armour
  1287 | D:3      | Reached skill level 1 in Stealth
  1326 | D:3      | Reached XP level 4. HP: 26/26 MP: 7/7
  1330 | D:3      | Reached * piety under Nemelex Xobeh
  1418 | D:3      | Received a gift from Nemelex Xobeh
  1442 | D:3      | Killed by an exploding orc... ignited by their inner flame

Illustrated notes

Levels and vault maps discovered:
D:1:      nicolae_arrival_washed_ashore, layout_rooms,
          chequers_ecumenical_altar_island, kennysheep_pointless_box
D:2:      layout_loops_cross, basic_altar, nrook_loot_triangle, chequers_avenue
D:3:      layout_rooms, st_stairs_13, minmay_strange_pillars,
          grunt_decor_one_mirror

Skill      XL: |  1  2  3  4 |
---------------+-------------+-----
Translocations | 3 |  3.1
Fighting       | 2 |  2.2
Armour         | 1 |  1.1
Stealth        | 1 2 |  2.2
Short Blades   | |  2.9
Throwing       | |  0.7
Dodging        | |  2.4
Spellcasting   | |  2.1

Action                   |  1- 3 |  4- 6 || total
-------------------------+-------+-------++-------
Melee: Short sword       |    69 |    27 ||    96
       Bite              |     4 |       ||     4
       Punch             |     1 |     1 ||     2
 Cast: Blink             |       |     2 ||     2
 Abil: Exsanguinate      |     1 |       ||     1
  Use: Scroll            |     2 |     2 ||     4
       Potion            |       |     1 ||     1
 Stab: Sleeping          |     7 |     1 ||     8
Armor: Leather armour    |    21 |     8 ||    29
Dodge: Dodged            |    40 |    19 ||    59

Table legend: (Time is in decaauts)
 A = Elapsed time spent in this place.
 B = Non-inter-level travel time spent in this place.
 C = Inter-level travel time spent in this place.
 D = Time resting spent in this place.
 E = Time spent auto-exploring this place.
 F = Levels seen in this place.
 G = Mean time per level.
                   A        B        C        D        E       F      G
               +--------+--------+--------+--------+--------+-----+--------+
         Total |   1442 |   1157 |    285 |      0 |    807 |   3 |  480.7 |
       Dungeon |   1442 |   1157 |    285 |      0 |    807 |   3 |  480.7 |
               +--------+--------+--------+--------+--------+-----+--------+

Top non-repeatable levels by time:
     D:2: 701 daAuts
     D:1: 527 daAuts
     D:3: 213 daAuts
